 Dungeon Crawl Stone Soup version 0.18-a0-707-g3781854 (webtiles) character file.

33 GeneralIdiocy the Charlatan (level 3, 7/27 HPs)
             Began as a Demonspawn Artificer on Dec 7, 2015.
             Quit the game on level 1 of the Dungeon on Dec 8, 2015.
             The game lasted 00:01:23 (954 turns).

GeneralIdiocy the Charlatan (Demonspawn Artificer)   Turns: 954, Time: 00:01:23

Health: 7/27       AC:  3    Str: 12    XL:     3   Next: 12%
Magic:  5/5        EV: 11    Int: 13    God:
Gold:   53         SH:  0    Dex: 13    Spells: 0 memorised, 2 levels left

rFire  . . .     SeeInvis .     i - +0 flail
rCold  . . .     Clarity  .     b - +0 leather armour
rNeg   . . .     SustAt   .     (no shield)
rPois  .         Gourm    .     (no helmet)
rElec  .         Spirit   .     (no cloak)
rCorr  .         Dismiss  .     (no gloves)
rMut   .         Stasis   .     (no boots)
MR     +....                    (no amulet)
Stlth  +.........               (no ring)
                                l - ring of protection from magic

@: somewhat resistant to hostile enchantments, very unstealthy
A: hooves 1, spiny 1
a: no special abilities


You were on level 1 of the Dungeon.
You were not hungry.

You visited 1 branch of the dungeon, and saw 2 of its levels.

You collected 53 gold pieces.

Inventory:

Hand Weapons
 i - a +0 flail (weapon)
Armour
 b - a +0 leather armour (worn)
Jewellery
 l - a ring of protection from magic (left hand)
Wands
 c - a wand of flame (13)
 d - a wand of enslavement (15)
 e - a wand of random effects (13)
Potions
 g - a potion of curing {unknown}
 j - a potion of agility
 k - a potion of brilliance
Comestibles
 a - a meat ration
 f - a bread ration


   Skills:
 + Level 1.7 Fighting
   Level 0.8 Short Blades
 + Level 1.1 Armour
 - Level 1.7 Dodging
 - Level 0.8 Stealth
 + Level 3.6 Evocations


You had 2 spell levels left.
You didn't know any spells.

Dungeon Overview and Level Annotations

Branches:
Dungeon (2/15)

Altars:


Innate Abilities, Weirdness & Mutations

You have large cloven feet.
You are partially covered in sharp spines.


Message History

Press: ? - help, Shift-Dir - straight line, f - adder
Aim: an adder The puff of flame hits the adder.
The adder is heavily wounded.
This wand has 14 charges left.
The adder barely misses you.
Evoke which item? (* to show all) (? for menu, Esc to quit)
Zapping:
c - a wand of flame (14)
Press: ? - help, Shift-Dir - straight line, f/p - adder
Aim: an adder (heavily wounded)
The puff of flame hits the adder.
You kill the adder!
You have reached level 3!
Your experience leads to an increase in your attributes!
Increase (S)trength, (I)ntelligence, or (D)exterity?
You feel stronger.
Your demonic ancestry asserts itself...
Sharp spines emerge from parts of your body.
This wand has 13 charges left.
You start resting.
A hobgoblin comes into view. It is wielding a club.
Are you sure you want to abandon this character and quit the game? (Confirm with "yes".)

##### ....#
..>.#################
.....#..............#
.....#........#####.#
.....#..#####.# #†#
.....#..#####.### #.#
.....#..#.......###.#
................@##.#
........#...#.#..##.#
..#####.#...#.#.....#
..## #.#...#.##.####
...# #.##.##....#
..#####.##.......#
........########.#
..########## #g#
)..........# #.#


You could see a hobgoblin (wandering).

Vanquished Creatures
  An adder (D:1)
  A gnoll (D:1)
  A giant gecko (D:1)
  2 bats (D:1)
  2 giant cockroaches (D:1)
  2 goblins (D:1)
  3 hobgoblins (D:1)
  A giant newt (D:1)
  2 kobolds (D:1)
  3 rats (D:1)
18 creatures vanquished.

Notes
Turn   | Place    | Note
--------------------------------------------------------------
     0 | D:1      | GeneralIdiocy the Demonspawn Artificer began the quest for the Orb.
     0 | D:1      | Reached XP level 1. HP: 15/15 MP: 3/3
   205 | D:1      | Gained mutation: You have large cloven feet. [demonic ancestry]
   205 | D:1      | Reached XP level 2. HP: 19/21 MP: 4/4
   522 | D:1      | Reached skill level 1 in Armour
   945 | D:1      | Gained mutation: You are partially covered in sharp spines. [demonic ancestry]
   945 | D:1      | Reached XP level 3. HP: 6/27 MP: 5/5
   954 | D:1      | Quit the game

Vault maps used:
D:1:      evilmike_arrival_rings
D:2:      supply_closet_lemuel

Action                   || total
-------------------------++-------
Melee: Short sword       ||    24
       Flail             ||    23
Evoke: Wand              ||     4
  Use: Scroll            ||     2
 Stab: Sleeping          ||     2
